 Dungeon Crawl Stone Soup version 0.31.0-12-g77e489cdc1 (webtiles) character file.

Game seed: 10190087240889014987

543 Peloso the Covered (level 7, -7/61 HPs)
             Began as a Minotaur Fighter on Feb 17, 2024.
             Mangled by an ogre
             ... wielding a +0 giant club
              (11 damage)
             ... on level 5 of the Dungeon.
             The game lasted 00:04:39 (2774 turns).

Peloso the Covered (Minotaur Fighter)               Turns: 2774, Time: 00:04:40

Health: -7/61      AC:  7    Str: 20    XL:     7   Next: 6%
Magic:  6/6        EV: 10    Int:  5    God:
Gold:   150        SH:  5    Dex: 12    Spells: 6/6 levels left

rFire   + . .        a - +1 long sword
rCold   . . .        c - +0 buckler
rNeg    . . .        b - +0 scale mail
rPois   .            (helmet restricted)
rElec   .            (no cloak)
rCorr   .            (no gloves)
SInv    .            (no boots)
Will    +....        (no amulet) Stlth
                     n - ring of willpower
HPRegen 0.30/turn    i - ring of protection from fire
MPRegen 0.10/turn

%: no passive effects
@: hasted, very quick
A: horns 2, retaliatory headbutt
a: no special abilities


You were on level 5 of the Dungeon.
You visited 1 branch of the dungeon, and saw 5 of its levels.

You collected 150 gold pieces.

Inventory:

Hand Weapons
 a - a +1 long sword (weapon)
Armour
 b - a +0 scale mail (worn)
 c - a +0 buckler (worn)
Jewellery
 i - a ring of protection from fire (right hand)
 k - a ring of fire
 n - a ring of willpower (left hand)
Wands
 p - a wand of roots (8)
Scrolls
 f - 3 scrolls of enchant weapon
 l - 2 scrolls of identify {unknown}
 o - 3 scrolls of fog {unknown}
 q - a scroll of teleportation
Potions
 d - a potion of might
 e - a potion of ambrosia {unknown}
 g - a potion of mutation {unknown}
 h - 2 potions of brilliance
 m - a potion of attraction {unknown}


   Skills:
 + Level 5.0 Fighting
 + Level 5.4 Long Blades
 + Level 5.7 Armour
 + Level 2.0 Dodging
 + Level 0.6 Stealth
 + Level 5.3 Shields
 + Level 0.1 Evocations


You had 6 spell levels left.
You didn't know any spells.
Your spell library contained the following spells:

 Spells                   Type           Power      Damage    Failure   Level
 Slow                     Hex            0%         N/A       86%         1
 Confusing Touch          Hex            0%         N/A       99%         3
 Sigil of Binding         Hex            0%         N/A       99%         3
 Vampiric Draining        Necr           0%         2d6       99%         3


Dungeon Overview and Level Annotations

Branches:
Dungeon (5/15)
 Temple: D:4-7

Altars:
Wu Jian


Innate Abilities, Weirdness & Mutations

You have a pair of horns on your head.
You reflexively headbutt those who attack you in melee.


Message History

The howler monkey hoots and howls with incredible vigour!
Found a dagger.
An iguana comes into view.
The iguana hisses angrily.
The howler monkey hoots and howls with incredible vigour!
The iguana hisses menacingly.
You block the howler monkey's attack. The ogre attacks as it pursues you!
The ogre hits you with a +0 giant club!!
The howler monkey hits you.
The howler monkey attacks as it pursues you!
The howler monkey closely misses you.
You slash the howler monkey!
The howler monkey is heavily wounded.
The howler monkey hits you.
The howler monkey hoots and howls with incredible vigour!
You hear a shout! x3
Unknown command.
You hit the howler monkey. You headbutt the howler monkey.
You kill the howler monkey!
Your Dodging skill increases to level 2!
You have reached level 7!
You slash the ogre!
The ogre is moderately wounded.
The ogre hits you but does no damage.
Unknown command.
You hit the ogre.
The ogre is heavily wounded.
The ogre hits you with a +0 giant club!
* * * LOW HITPOINT WARNING * * *
Unknown command.
You hit the ogre.
The ogre is heavily wounded.
The iguana hisses menacingly.
The ogre hits you with a +0 giant club!
* * * LOW HITPOINT WARNING * * *
Unknown command.
You feel yourself speed up. The iguana attacks as it pursues you!
The iguana barely misses you. The ogre attacks as it pursues you!
The ogre hits you with a +0 giant club!
You die...

. ..## ........#
.................... ....##...#
#.... .. .......(## ##...# ....
...##........#####...## #
...##. #.............#..## .
.....##.................# #.
#...................|..### #.#
#.......@...#...<...#.#8#
.##..##.##...O....###....####.#
..$##.....##.l...#####..).#...
..#.........#....##.##...)#.#
#).....##...#..............#
##..##..##...#.....#..).....#
#...##........#....###)....##
#......)......#.......##....###
......._..§≈..#................


You could see an ogre and an iguana.

Vanquished Creatures
  An ogre (D:5)
  A centaur (D:5)
  A scorpion (D:5)
  A howler monkey (D:5)
  A hound (D:2)
  A sleepcap (D:5)
  Jessica (D:2)
  An iguana (D:5)
  2 orc wizards
  A gnoll (D:5)
  5 adders
  A white imp (D:5)
  2 ufetubi (D:5)
  3 ribbon worms
  3 dart slugs
  10 orcs
  3 endoplasms
  A giant cockroach (D:3)
  2 goblins (D:2)
  4 hobgoblins
  A quokka (D:2)
  3 ball pythons
  3 bats
  A frilled lizard (D:3)
  4 kobolds
  4 rats
61 creatures vanquished.

Notes
Turn   | Place    | Note
-------+----------+-------------------------------------------
     0 | D:1      | Peloso the Minotaur Fighter began the quest for the Orb.
     0 | D:1      | Reached XP level 1. HP: 19/19 MP: 0/0
   778 | D:2      | Noticed an orc wizard
   787 | D:2      | Reached XP level 2. HP: 23/27 MP: 1/1
   809 | D:2      | Reached XP level 3. HP: 19/33 MP: 2/2
   912 | D:2      | Found a faded altar of an unknown god.
  1053 | D:2      | Noticed Jessica
  1062 | D:2      | Killed Jessica
  1063 | D:2      | Reached XP level 4. HP: 39/40 MP: 3/3
  1628 | D:2      | Reached XP level 5. HP: 45/47 MP: 4/4
  2310 | D:4      | Noticed an ogre
  2336 | D:5      | Entered Level 5 of the Dungeon
  2340 | D:5      | Noticed a centaur
  2347 | D:5      | Killed a centaur
  2348 | D:5      | Reached skill level 5 in Armour
  2348 | D:5      | Reached skill level 1 in Dodging
  2348 | D:5      | Reached XP level 6. HP: 29/53 MP: 5/5
  2497 | D:5      | Reached skill level 5 in Shields
  2508 | D:5      | Reached skill level 5 in Long Blades
  2742 | D:5      | Found an ornate altar of the Wu Jian Council.
  2757 | D:5      | Reached skill level 5 in Fighting
  2769 | D:5      | Reached XP level 7. HP: 32/61 MP: 6/6
  2774 | D:5      | Mangled by an ogre

Illustrated notes

Levels and vault maps discovered:
D:1:      amcnicky_arrival_feature_with_door, layout_basic, grunt_decor_fettered
D:2:      layout_rooms, chequers_ecumenical_altar_simple_redux, st_stairs_13,
          uniq_jessica
D:3:      layout_basic, nicolae_concentric_dashed_squares_wild
D:4:      layout_cave_pools, minmay_temple_entry_nine_rooms, serial_bayou,
          serial_bayou_crossing, serial_bayou_pond_c, serial_bayou_pond_c,
          serial_bayou_lagoon_a, grunt_decor_junction, minmay_snake_closets
D:5:      layout_cave_pools, mainiacjoe_overflow_alcove_2, lemuel_round_altar,
          nicolae_wu_jian_wuxing_cycle, hellmonk_ghost_happy_afterlife,
          minmay_misc_feat_hallway, minmay_misc_feat_chi,
          amcnicky_mini_pool_medium

Skill      XL: |  1  2  3  4  5  6 |
---------------+-------------------+-----
Shields        | 4 5 |  5.3
Fighting       | 4 5 |  5.0
Long Blades    | 3 4 5 |  5.4
Armour         | 4 5 |  5.7
Dodging        | 1 2 |  2.0
Stealth        | |  0.6
Evocations     | |  0.1

Action                     |  1- 3 |  4- 6 |  7- 9 || total
---------------------------+-------+-------+-------++-------
  Melee: Long sword        |    62 |   106 |     3 ||   171
         Headbutt          |     7 |    14 |       ||    21
  Evoke: Wand              |       |     3 |       ||     3
    Use: Potion            |     3 |     2 |     1 ||     6
         Scroll            |       |     4 |       ||     4
   Stab: Held in net/web   |     1 |       |       ||     1
 Armour: Scale mail        |    55 |   130 |     4 ||   189
  Dodge: Dodged            |    21 |    80 |     1 ||   102
  Block: Buckler           |    16 |    43 |       ||    59
